TOP OF THE 1ST |
Quebec City Baby Blues batting - Pitching for Athletic Club KC U-21 : RHP Morgan Jackson
|
Pitching: RHP Morgan Jackson
|
|
Batting: RHB Andrew Perkins
|
0-0: SINGLE (Groundball, 34D, EV 109.4 MPH)
|
Batting: LHB Kevin Clark
|
0-0: Called Strike 0-1: Ball 1-1: Ball 2-1: Ball 3-1: Fly out, F6 (Popup, 6, EV 76.9 MPH)
|
Batting: LHB Lúcio García
|
0-0: Foul Ball, location: 2F 0-1: Foul Ball, location: 2F 0-2: 2-RUN HOME RUN (Flyball, 9D, EV 101.9 MPH), Distance : 374 ft
|
Batting: LHB Rob Martin
|
0-0: Ball 1-0: Foul Ball, location: 2F 1-1: Foul Ball, location: 2F 1-2: Ground out 4-3 (Groundball, 4, EV 111.2 MPH)
|
Batting: RHB Alfonso Gómez
|
0-0: Called Strike 0-1: Swinging Strike 0-2: Ball 1-2: Fly out, F7 (Flyball, 7D, EV 99.4 MPH)
|
Top of the 1st over - 2 runs, 2 hits, 0 errors, 0 left on base; Quebec City 2 - Athletic Club KC 0 |
BOTTOM OF THE 1ST |
Athletic Club KC U-21 batting - Pitching for Quebec City Baby Blues : RHP Damon Colcott
|
Pitching: RHP Damon Colcott
|
|
Batting: LHB Tim Puli
|
0-0: Foul Ball, location: 2F 0-1: Called Strike 0-2: Fly out, F7 (Flyball, 7, EV 91.2 MPH)
|
Batting: LHB Roberto Flores
|
0-0: Ball 1-0: Ball 2-0: Called Strike 2-1: Ball 3-1: Ground out 6-3 (Groundball, 4M, EV 87.5 MPH)
|
Batting: SHB Luke Wagner
|
0-0: Ball 1-0: Ball 2-0: Swinging Strike 2-1: DOUBLE (Line Drive, 8LXD, EV 102.5 MPH)
|
Batting: SHB Isaaka Kaikala
|
0-0: Called Strike 0-1: Foul Ball, location: 2F 0-2: Foul Ball, location: 2F 0-2: Ball 1-2: Ball 2-2: Ball 3-2: Ground out U3 (Groundball, 34S, EV 87.5 MPH)
|
Bottom of the 1st over - 0 runs, 1 hit, 0 errors, 1 left on base; Quebec City 2 - Athletic Club KC 0 |
TOP OF THE 2ND |
Quebec City Baby Blues batting - Pitching for Athletic Club KC U-21 : RHP Morgan Jackson
|
Batting: SHB Ashton Gutiérrez
|
0-0: Swinging Strike 0-1: Ball 1-1: Foul Ball, location: 2F 1-2: Ball 2-2: Ball 3-2: Ground out 4-3 (Groundball, 4, EV 85.0 MPH)
|
Batting: RHB Juan Sánchez
|
0-0: Ball 1-0: Foul Ball, location: 2F 1-1: Swinging Strike 1-2: Strikes out swinging
|
Batting: RHB Luis Cruz
|
0-0: Ball 1-0: Fly out, F9 (Flyball, 9, EV 88.8 MPH)
|
Top of the 2nd over - 0 runs, 0 hits, 0 errors, 0 left on base; Quebec City 2 - Athletic Club KC 0 |
BOTTOM OF THE 2ND |
Athletic Club KC U-21 batting - Pitching for Quebec City Baby Blues : RHP Damon Colcott
|
Batting: LHB Juan Morales
|
0-0: Called Strike 0-1: Fly out, F7 (Line Drive, 7S, EV 98.1 MPH)
|
Batting: SHB Marcos Ortíz
|
0-0: Fly out, F9 (Flyball, 9D, EV 88.1 MPH)
|
Batting: RHB Thad Conley
|
0-0: Called Strike 0-1: Ball 1-1: Swinging Strike 1-2: Ball 2-2: Foul Ball, location: 2F 2-2: Strikes out swinging
|
Bottom of the 2nd over - 0 runs, 0 hits, 0 errors, 0 left on base; Quebec City 2 - Athletic Club KC 0 |
TOP OF THE 3RD |
Quebec City Baby Blues batting - Pitching for Athletic Club KC U-21 : RHP Morgan Jackson
|
Batting: RHB Arend de Wit
|
0-0: Fly out, F8 (Flyball, 8RM, EV 84.4 MPH)
|
Batting: RHB Andrew Perkins
|
0-0: Ball 1-0: Called Strike 1-1: Foul Ball, location: 2F 1-2: Ball 2-2: Foul Ball, location: 2F 2-2: Foul Ball, location: 2F 2-2: Ball 3-2: SINGLE (Line Drive, 6MD, EV 95.0 MPH)
|
Batting: LHB Kevin Clark
|
0-0: Called Strike 0-1: Ball 1-1: Foul Ball, location: 2F 1-2: Ball Andrew Perkins steals 2nd, throwing error, E2 Andrew Perkins to third 2-2: Ball 3-2: Fly out, F6 (Popup, 6M, EV 73.1 MPH)
|
Batting: LHB Lúcio García
|
0-0: Ground out 2-3 (Groundball, 2L, EV 67.5 MPH)
|
Top of the 3rd over - 0 runs, 1 hit, 1 error, 1 left on base; Quebec City 2 - Athletic Club KC 0 |
BOTTOM OF THE 3RD |
Athletic Club KC U-21 batting - Pitching for Quebec City Baby Blues : RHP Damon Colcott
|
Batting: RHB Alfonso Urbina
|
0-0: Ball 1-0: Ball 2-0: Called Strike 2-1: Called Strike 2-2: Strikes out swinging
|
Batting: RHB Maurice Griffin
|
0-0: Ball 1-0: SOLO HOME RUN (Flyball, 78XD, EV 98.8 MPH), Distance : 408 ft
|
Batting: LHB Tim Puli
|
0-0: Called Strike 0-1: Ball 1-1: Swinging Strike 1-2: Strikes out swinging
|
Batting: LHB Roberto Flores
|
0-0: Ball 1-0: Foul Ball, location: 2F 1-1: Ball 2-1: Foul Ball, location: 2F 2-2: Foul Ball, location: 2F 2-2: Ball 3-2: DOUBLE (Line Drive, 89D, EV 110.0 MPH)
|
Batting: SHB Luke Wagner
|
0-0: Called Strike 0-1: Foul Ball, location: 2F 0-2: Ball 1-2: Ball 2-2: Fly out, F6 (Popup, 6MD, EV 53.1 MPH)
|
Bottom of the 3rd over - 1 run, 2 hits, 0 errors, 1 left on base; Quebec City 2 - Athletic Club KC 1 |
TOP OF THE 4TH |
Quebec City Baby Blues batting - Pitching for Athletic Club KC U-21 : RHP Morgan Jackson
|
Batting: LHB Rob Martin
|
0-0: Called Strike 0-1: SINGLE (Line Drive, 7S, EV 98.1 MPH)
|
Batting: RHB Alfonso Gómez
|
0-0: Foul Ball, location: 2F 0-1: Ball 1-1: Called Strike 1-2: Strikes out swinging
|
Batting: SHB Ashton Gutiérrez
|
0-0: Called Strike 0-1: Ball 1-1: Foul Ball, location: 2F 1-2: Strikes out looking
|
Batting: RHB Juan Sánchez
|
0-0: Ball 1-0: Fly out, F3 (Line Drive, 3, EV 71.2 MPH)
|
Top of the 4th over - 0 runs, 1 hit, 0 errors, 1 left on base; Quebec City 2 - Athletic Club KC 1 |
BOTTOM OF THE 4TH |
Athletic Club KC U-21 batting - Pitching for Quebec City Baby Blues : RHP Damon Colcott
|
Batting: SHB Isaaka Kaikala
|
0-0: Ball 1-0: Called Strike 1-1: Ball 2-1: Ball 3-1: Base on Balls
|
Batting: LHB Juan Morales
|
0-0: Fielders Choice at 2nd, 4-6 (Groundball, 34D, EV 105.6 MPH)
|
Batting: SHB Marcos Ortíz
|
0-0: Called Strike Juan Morales steals 2nd base 0-1: Ball 1-1: Ball 2-1: Swinging Strike 2-2: Ball 3-2: Base on Balls
|
Batting: RHB Thad Conley
|
0-0: Ball 1-0: SINGLE (Flyball, 5D, EV 85.6 MPH) Juan Morales to third Marcos Ortíz to second
|
Batting: RHB Alfonso Urbina
|
0-0: Called Strike 0-1: SINGLE (Groundball, 6, EV 98.1 MPH) Juan Morales scores Marcos Ortíz to third Thad Conley to second
|
Batting: RHB Maurice Griffin
|
0-0: Foul Ball, location: 2F 0-1: Ball 1-1: Swinging Strike 1-2: Ball 2-2: Ball 3-2: Foul Ball, location: 2F 3-2: Strikes out swinging
|
Batting: LHB Tim Puli
|
0-0: Ball 1-0: Fly out, F8 (Line Drive, 89M, EV 93.8 MPH)
|
Bottom of the 4th over - 1 run, 2 hits, 0 errors, 3 left on base; Quebec City 2 - Athletic Club KC 2 |
TOP OF THE 5TH |
Quebec City Baby Blues batting - Pitching for Athletic Club KC U-21 : RHP Morgan Jackson
|
Batting: RHB Luis Cruz
|
0-0: Ball 1-0: Ball 2-0: Called Strike 2-1: Foul Ball, location: 2F 2-2: Strikes out swinging
|
Batting: RHB Arend de Wit
|
0-0: Ball 1-0: Called Strike 1-1: Foul Ball, location: 2F 1-2: Strikes out swinging
|
Batting: RHB Andrew Perkins
|
0-0: Called Strike 0-1: Swinging Strike 0-2: Ball 1-2: Fly out, F1 (Line Drive, P, EV 71.2 MPH)
|
Top of the 5th over - 0 runs, 0 hits, 0 errors, 0 left on base; Quebec City 2 - Athletic Club KC 2 |
BOTTOM OF THE 5TH |
Athletic Club KC U-21 batting - Pitching for Quebec City Baby Blues : RHP Damon Colcott
|
Batting: LHB Roberto Flores
|
0-0: Ball 1-0: Foul Ball, location: 2F 1-1: Fly out, F9 (Flyball, 9, EV 98.1 MPH)
|
Batting: SHB Luke Wagner
|
0-0: Ball 1-0: Foul Ball, location: 2F 1-1: Ball 2-1: Ball 3-1: Swinging Strike 3-2: Foul Ball, location: 2F 3-2: Foul Ball, location: 2F 3-2: Base on Balls
|
Batting: SHB Isaaka Kaikala
|
0-0: Ball 1-0: Called Strike 1-1: Ball 2-1: SINGLE (Line Drive, 4D, EV 106.9 MPH) Luke Wagner to second
|
Batting: LHB Juan Morales
|
0-0: Foul Ball, location: 2F 0-1: SINGLE (Line Drive, 7S, EV 92.5 MPH) Luke Wagner to third Isaaka Kaikala to second
|
Batting: SHB Marcos Ortíz
|
0-0: Ball 1-0: Ball 2-0: Ball 3-0: Base on Balls Luke Wagner scores Isaaka Kaikala to third Juan Morales to second
|
Pitching: RHP Geoffrey White
|
|
Batting: RHB Thad Conley
|
0-0: Called Strike 0-1: Ball 1-1: Called Strike 1-2: Fly out, F9 (Flyball, 9LMF, EV 83.1 MPH) Runner from 3rd tags up, SCORES, throw by RF Juan Morales to third
|
Batting: RHB Alfonso Urbina
|
0-0: Called Strike 0-1: Ball 1-1: Foul Ball, location: 2F 1-2: Ball 2-2: Fly out, F9 (Flyball, 9S, EV 83.8 MPH)
|
Bottom of the 5th over - 2 runs, 2 hits, 0 errors, 2 left on base; Quebec City 2 - Athletic Club KC 4 |
TOP OF THE 6TH |
Quebec City Baby Blues batting - Pitching for Athletic Club KC U-21 : RHP Morgan Jackson
|
Batting: LHB Kevin Clark
|
0-0: Ball 1-0: Ball 2-0: Called Strike 2-1: Ball 3-1: Base on Balls
|
Batting: LHB Lúcio García
|
0-0: Called Strike 0-1: Ball 1-1: Ball 2-1: Foul Ball, location: 2F 2-2: SINGLE (Groundball, 13, EV 81.2 MPH) (infield hit) Kevin Clark to second
|
Batting: LHB Rob Martin
|
0-0: SINGLE (Line Drive, 7LS, EV 92.5 MPH) Kevin Clark to third Lúcio García to second
|
Batting: RHB Alfonso Gómez
|
0-0: Foul Ball, location: 2F 0-1: Foul Ball, location: 2F 0-2: Strikes out swinging
|
Batting: SHB Ashton Gutiérrez
|
0-0: Called Strike 0-1: Ball 1-1: Ball 2-1: Ball 3-1: Base on Balls Kevin Clark scores Lúcio García to third Rob Martin to second
|
Batting: RHB Juan Sánchez
|
0-0: Ball 1-0: SINGLE (Flyball, 6D, EV 91.9 MPH) Lúcio García scores Rob Martin to third Ashton Gutiérrez to second Runner from 3rd tries for Home, SAFE, throw by CF to home
|
Pitching: RHP Lulani Makalapua
|
|
Batting: RHB Luis Cruz
|
0-0: Called Strike 0-1: Foul Ball, location: 2F 0-2: Foul Ball, location: 2F 0-2: Strikes out swinging
|
Batting: RHB Arend de Wit
|
0-0: Called Strike 0-1: Swinging Strike 0-2: Fly out, F9 (Flyball, 9LS, EV 77.5 MPH)
|
Top of the 6th over - 3 runs, 3 hits, 0 errors, 2 left on base; Quebec City 5 - Athletic Club KC 4 |
BOTTOM OF THE 6TH |
Athletic Club KC U-21 batting - Pitching for Quebec City Baby Blues : RHP Geoffrey White
|
Batting: RHB Maurice Griffin
|
0-0: Ground out 6-3 (Groundball, 6, EV 101.9 MPH)
|
Batting: LHB Tim Puli
|
0-0: Ball 1-0: Ball 2-0: Ball 3-0: Called Strike 3-1: Foul Ball, location: 2F 3-2: Base on Balls
|
Batting: LHB Roberto Flores
|
0-0: Ball 1-0: Ball 2-0: Fielders Choice at 2nd, 4-6 (Groundball, 4, EV 88.8 MPH)
|
Batting: SHB Luke Wagner
|
0-0: Foul Ball, location: 2F 0-1: Swinging Strike 0-2: Ball 1-2: Ball 2-2: Fielders Choice at 2nd, 6-4 (Groundball, 6, EV 97.5 MPH)
|
Bottom of the 6th over - 0 runs, 0 hits, 0 errors, 1 left on base; Quebec City 5 - Athletic Club KC 4 |
TOP OF THE 7TH |
Quebec City Baby Blues batting - Pitching for Athletic Club KC U-21 : RHP Lulani Makalapua
|
Batting: RHB Andrew Perkins
|
0-0: Foul Ball, location: 2F 0-1: Ball 1-1: Ball 2-1: Foul Ball, location: 2F 2-2: Foul Ball, location: 2F 2-2: Ground out 6-3 (Groundball, 6, EV 84.4 MPH)
|
Batting: LHB Kevin Clark
|
0-0: Ball 1-0: Ball 2-0: Foul Ball, location: 2F 2-1: Reached on error, E4 (Groundball, 4, EV 101.9 MPH)
|
Batting: LHB Lúcio García
|
0-0: Called Strike 0-1: Fly out, F8 (Flyball, 78M, EV 90.6 MPH)
|
Batting: LHB Rob Martin
|
0-0: Ball 1-0: Swinging Strike 1-1: Ball 2-1: Ball 3-1: Base on Balls
|
Pinch Runner at 2nd John Harrison:
|
|
Batting: RHB Alfonso Gómez
|
0-0: Called Strike 0-1: Ball 1-1: Ball 2-1: Ball 3-1: Base on Balls John Harrison to third Rob Martin to second
|
Batting: SHB Ashton Gutiérrez
|
0-0: Called Strike 0-1: Called Strike 0-2: Ball 1-2: Ball 2-2: Ball 3-2: Strikes out looking
|
Top of the 7th over - 0 runs, 0 hits, 1 error, 3 left on base; Quebec City 5 - Athletic Club KC 4 |
BOTTOM OF THE 7TH |
Athletic Club KC U-21 batting - Pitching for Quebec City Baby Blues : RHP Geoffrey White
|
Now at 1B: Bob Parkinson
|
|
Batting: SHB Isaaka Kaikala
|
0-0: Ball 1-0: Ball 2-0: Called Strike 2-1: Ball 3-1: Called Strike 3-2: Base on Balls
|
Batting: LHB Juan Morales
|
0-0: Called Strike 0-1: Swinging Strike 0-2: Ball 1-2: Ball 2-2: Foul Ball, location: 2F 2-2: Fly out, F8 (Flyball, 8LD, EV 103.8 MPH)
|
Pitching: RHP Tim Moore
|
|
Pinch Hitting: RHB Veini Tykkyläinen
|
0-0: Ball 1-0: Ball 2-0: Ball 3-0: Called Strike 3-1: SINGLE (Line Drive, 34D, EV 101.9 MPH) Isaaka Kaikala to second
|
Batting: RHB Thad Conley
|
0-0: Swinging Strike 0-1: Ball 1-1: Foul Ball, location: 2F 1-2: Strikes out swinging
|
Pinch Hitting: SHB Adrián Vela
|
0-0: Called Strike 0-1: DOUBLE (Line Drive, 78M, EV 88.8 MPH) Isaaka Kaikala scores Veini Tykkyläinen to third Runner from 3rd tries for Home, SAFE, no throw by CF
|
Batting: RHB Maurice Griffin
|
0-0: Ball 1-0: SINGLE (Line Drive, 6MD, EV 101.9 MPH) Adrián Vela to third
|
Batting: LHB Tim Puli
|
0-0: Ball 1-0: Swinging Strike 1-1: Foul Ball, location: 2F 1-2: Strikes out swinging
|
Bottom of the 7th over - 2 runs, 3 hits, 0 errors, 2 left on base; Quebec City 5 - Athletic Club KC 6 |
TOP OF THE 8TH |
Quebec City Baby Blues batting - Pitching for Athletic Club KC U-21 : RHP Lulani Makalapua
|
Now at 3B: Robinson Pérez
|
|
Now in RF: Mathew Nabors
|
|
Pinch Hitting: RHB Miles Vlaminks
|
0-0: Foul Ball, location: 2F 0-1: Ball 1-1: Ball 2-1: Foul Ball, location: 2F 2-2: Foul Ball, location: 2F 2-2: Ground out 6-3 (Groundball, 6, EV 90.6 MPH)
|
Batting: RHB Luis Cruz
|
0-0: Ball 1-0: Ground out 2-3 (Groundball, 2R, EV 75.6 MPH)
|
Batting: RHB Arend de Wit
|
0-0: Ground out 4-3 (Groundball, 34, EV 89.4 MPH)
|
Top of the 8th over - 0 runs, 0 hits, 0 errors, 0 left on base; Quebec City 5 - Athletic Club KC 6 |
BOTTOM OF THE 8TH |
Athletic Club KC U-21 batting - Pitching for Quebec City Baby Blues : RHP Tim Moore
|
Now in RF: Miles Vlaminks
|
|
Batting: LHB Roberto Flores
|
0-0: Called Strike 0-1: Swinging Strike 0-2: Strikes out swinging
|
Batting: SHB Luke Wagner
|
0-0: Ball 1-0: Called Strike 1-1: Foul Ball, location: 2F 1-2: Strikes out swinging
|
Batting: SHB Isaaka Kaikala
|
0-0: Called Strike 0-1: Called Strike 0-2: Ball 1-2: Ball 2-2: Fly out, F4 (Popup, 23, EV 90.0 MPH)
|
Bottom of the 8th over - 0 runs, 0 hits, 0 errors, 0 left on base; Quebec City 5 - Athletic Club KC 6 |
TOP OF THE 9TH |
Quebec City Baby Blues batting - Pitching for Athletic Club KC U-21 : RHP Lulani Makalapua
|
Pitching: LHP Cisco Cervantes
|
|
Now at 1B: Dean Slater
|
|
Now at SS: Mathew Nabors
|
|
Now in RF: Francisco Ferguson
|
|
Batting: RHB Andrew Perkins
|
0-0: Ball 1-0: Called Strike 1-1: Ball 2-1: Foul Ball, location: 2F 2-2: Foul Ball, location: 2F 2-2: Ball 3-2: Ground out U3 (Groundball, 34S, EV 85.6 MPH)
|
Pinch Hitting: RHB Arnold Crews
|
0-0: Ball 1-0: Foul Ball, location: 2F 1-1: Foul Ball, location: 2F 1-2: Ground out 6-3 (Groundball, 15, EV 82.5 MPH)
|
Batting: LHB Lúcio García
|
0-0: Called Strike 0-1: Ball 1-1: Fly out, F8 (Flyball, 8RM, EV 97.5 MPH)
|
Top of the 9th over - 0 runs, 0 hits, 0 errors, 0 left on base; Quebec City 5 - Athletic Club KC 6 |
|